Map: Frozen Temple

Players

Miszu

  • Race: Protoss Protoss
  • League: Master

IrishLad - Winner!

  • Race: Terran Terran
  • League: Master

VOD

Have the link to the VOD?

Description

Time

  • Played on: April 3, 2016, 6:53 p.m.
  • Length: 10:57
Show
View Real Time Build Order
Export as new Build Order

Miszu Protoss 

Build Orders: 1 Gate Expand, Blink Stalkers 

Get SALT Encoding   

  12  0:00  Probe (Chrono Boost)  
  13  0:11  Probe (Chrono Boost)  
  14  0:17  Pylon  
  14  0:22  Probe (Chrono Boost)  
  15  0:35  Probe (Chrono Boost)  
  16  0:37  Gateway  
  16  0:46  Probe (Chrono Boost)  
  17  1:07  Nexus  
  17  1:10  Probe (Chrono Boost)  
  18  1:14  Assimilator  
  18  1:21  Probe (Chrono Boost)  
  19  1:30  Cybernetics Core  
  20  1:32  Probe (Chrono Boost)  
  20  1:38  Pylon  
  20  1:43  Probe (Chrono Boost)  
  21  1:51  Assimilator  
  21  1:54  Probe (Chrono Boost)  
  22  2:04  Probe (Chrono Boost)  
  22  2:06  Warp Gate  
  22  2:08  Adept (Chrono Boost)  
  26  2:15  Probe  
  26  2:18  Probe  
  27  2:27  Probe  
  27  2:29  Mothership Core  
  30  2:39  Probe  
  31  2:49  Probe  
  32  2:52  Probe  
  32  2:53  Twilight Council  
  33  3:00  Probe  
  34  3:06  Probe  
  34  3:10  Probe  
  36  3:14  Robotics Facility  
  36  3:16  Gateway  
  36  3:18  Probe  
  37  3:21  Probe  
  38  3:30  Probe  
  38  3:31  Probe  
  38  3:34  Pylon  
  38  3:35  Blink  
  38  3:37  Assimilator  
  38  3:39  Assimilator  
  38  3:42  Probe x2  
  38  3:48  Pylon  
  40  3:52  Probe  
  40  3:54  Probe  
  43  4:03  Observer, Probe  
  43  4:06  Probe  
  43  4:08  Gateway  
  45  4:13  Probe  
  46  4:18  Probe  
  48  4:24  Observer, Probe  
  48  4:29  Nexus  
  49  4:33  Stalker  
  49  4:34  Stalker  
  49  4:35  Probe x2  
  55  4:42  Pylon  
  55  4:45  Observer, Probe  
  57  4:55  Stalker  
  59  5:02  Stalker x2, Probe  
  59  5:04  Probe  
  65  5:13  Probe  
  69  5:14  Immortal  
  69  5:19  Pylon  
  70  5:30  Gateway  
  70  5:31  Gateway  
  70  5:34  Gateway  
  70  5:36  Probe, Resonating Glaives  
  70  5:38  Stalker x2  
  70  5:42  Stalker  
  76  5:59  Adept  
  78  6:07  Adept x2  
  72  6:24  Adept  
  70  6:29  Adept x2, Mothership Core  
  76  6:36  Adept x3  
  76  6:37  Immortal  
  77  7:04  Pylon  
  77  7:05  Mothership Core  
  77  7:14  Probe x2  
  77  7:15  Forge  
  77  7:16  Immortal  
  77  7:17  Forge  
  77  7:18  Stalker  
  77  7:22  Assimilator  
  85  7:23  Stalker x4  
  85  7:24  Pylon, Assimilator  
  93  7:34  Charge  
  93  7:35  Robotics Facility  
  93  7:38  Pylon  
  93  7:40  Probe  
  93  7:41  Probe  
  93  7:42  Probe  
  96  7:50  Protoss Ground Weapons Level 1 (Chrono Boost), Protoss Ground Armor Level 1 (Chrono Boost)  
  96  7:53  Observer, Probe x2  
  96  7:54  Probe  
  100  8:05  Probe x2  
  102  8:08  Adept x2  
  102  8:10  Adept  
  108  8:16  Pylon  
  108  8:17  Pylon  
  108  8:18  Pylon  
  108  8:19  Pylon x2  
  108  8:20  Observer  
  108  8:21  Pylon  
  108  8:23  Pylon  
  108  8:25  Pylon  
  109  8:27  Pylon  
  109  8:33  Warp Prism  
  111  8:36  Adept x2  
  111  8:37  Adept x2  
  104  8:56  Probe  
  104  9:00  Immortal  
  101  9:04  Probe  
  101  9:05  Probe  
  101  9:08  Probe  
  112  9:10  Immortal  
  112  9:11  Photon Cannon  
  112  9:16  Probe  
  112  9:17  Probe  
  114  9:20  Probe  
  109  9:29  Adept x5, Probe x2  
  118  9:33  Probe  
  119  9:41  Probe x2  
  119  9:45  Probe  
  122  9:53  Probe  
  122  9:57  Probe  
  115  10:11  Nexus  
  111  10:21  Adept x3  
  117  10:42  Stalker x4  
  121  10:43  Stalker x2  
Show
View Real Time Build Order
Export as new Build Order

IrishLad Terran - Winner!

Build Orders: MMM Bio 

Get SALT Encoding   

  12  0:01  SCV  
  13  0:13  SCV  
  14  0:19  Supply Depot  
  14  0:25  SCV  
  15  0:41  SCV  
  16  0:43  Barracks  
  16  0:47  Refinery  
  16  0:53  SCV  
  17  1:05  SCV  
  18  1:17  SCV  
  19  1:32  Barracks Reactor  
  19  1:33  Orbital Command  
  19  1:45  Command Center  
  19  2:04  Supply Depot, SCV  
  19  2:07  Barracks  
  20  2:12  Marine  
  20  2:13  Marine  
  22  2:17  SCV  
  23  2:28  Factory  
  23  2:31  Marine  
  23  2:33  Marine  
  23  2:36  SCV  
  26  2:48  Refinery, SCV  
  27  3:00  SCV  
  27  3:01  Orbital Command  
  27  3:05  Barracks Tech Lab  
  27  3:13  SCV  
  27  3:15  Starport, Widow Mine  
  29  3:33  Marine x2  
  30  3:34  Stimpack  
  30  3:40  SCV  
  31  3:45  Factory Tech Lab  
  31  3:48  SCV  
  31  3:53  SCV  
  33  4:00  SCV  
  34  4:05  Refinery  
  34  4:08  Siege Tank  
  34  4:09  Bunker  
  37  4:12  Marine x2  
  37  4:13  Marine  
  37  4:16  SCV  
  41  4:23  Supply Depot  
  41  4:26  Medivac  
  41  4:28  SCV  
  41  4:30  Marine  
  41  4:31  SCV  
  46  4:42  Supply Depot  
  46  4:44  Marine x2, Siege Tank  
  51  4:50  SCV  
  53  4:52  SCV  
  53  4:56  Marine  
  53  4:57  Supply Depot  
  54  5:03  Marine x2  
  54  5:04  Medivac  
  54  5:07  SCV x2  
  60  5:14  Marine  
  60  5:21  Marine, SCV x2  
  63  5:22  Marine  
  65  5:32  Marine  
  65  5:33  SCV x2  
  65  5:35  Combat Shields  
  68  5:39  Marine  
  69  5:44  Command Center  
  69  5:45  SCV  
  69  5:49  Supply Depot  
  70  5:53  Starport Reactor  
  70  5:59  Factory Reactor  
  70  6:09  SCV  
  69  6:11  Marine x3  
  70  6:19  Barracks x2  
  63  6:29  Marine  
  63  6:30  Marine x2  
  66  6:33  SCV x2  
  66  6:36  Engineering Bay x2  
  64  6:47  Marine  
  64  6:48  Marine  
  61  6:55  Marine  
  60  7:05  Marine  
  60  7:06  Marine  
  58  7:09  Medivac x2  
  58  7:10  Widow Mine x2  
  58  7:13  Marine  
  58  7:14  Terran Infantry Weapons Level 1, Terran Infantry Armor Level 1  
  63  7:18  SCV  
  63  7:20  Refinery  
  64  7:22  Marine  
  64  7:24  Marine  
  64  7:27  Marine x2, Concussive Shells  
  68  7:31  Marine, SCV  
  70  7:38  Barracks  
  70  7:39  Medivac x2  
  70  7:41  Widow Mine x2  
  70  7:43  Marine  
  79  7:47  SCV  
  79  7:48  SCV  
  81  7:51  Orbital Command  
  81  8:00  Marine, SCV x2  
  81  8:01  Marine  
  81  8:02  Barracks Reactor  
  81  8:03  Marine x2  
  87  8:09  Medivac, Widow Mine x2  
  93  8:18  Armory  
  93  8:19  Supply Depot  
  93  8:23  Marine x2  
  93  8:24  Supply Depot  
  93  8:25  Supply Depot, Marine x2  
  97  8:35  Marine  
  97  8:41  Marine  
  99  8:44  Liberator x2  
  99  8:48  Marine x3  
  101  8:52  Marine x2  
  101  8:53  Marine  
  97  8:58  Marine  
  97  9:00  Widow Mine x2  
  108  9:05  Marine  
  108  9:07  Barracks  
  109  9:11  Marauder x2  
  111  9:18  Marine x3  
  111  9:21  Barracks Reactor  
  112  9:27  Marine  
  109  9:32  Marine x2  
  109  9:33  SCV  
  109  9:36  Marine  
  109  9:37  Supply Depot  
  113  9:42  Marine  
  113  9:44  SCV  
  113  9:45  SCV x2  
  117  9:50  Marauder  
  117  9:51  Marauder  
  121  9:58  Marine  
  121  9:59  Marine x4  
  119  10:09  Marine x2  
  119  10:11  Marauder  
  119  10:12  Marauder  
  119  10:16  Marine  
  119  10:18  Marine x2  
  119  10:33  Marauder x2  
  119  10:34  Marine x3  
  119  10:35  Marine x2  
Tags
 
Add a new tag
Caveats
  • Supply blocks, unpowered buildings, or Contaminate may cause inaccurate times.
  • Supply counts are checked every 10 seconds.